 Dungeon Crawl Stone Soup version 0.30-a0-242-g7bf8e6d787 (webtiles) character file.

Game seed: 10305173007689531495

12334 purpskrrrp the Cleaver (level 11, -1/111 HPs)
             Began as a Troll Fighter on Oct 11, 2022.
             Was an Initiate of Gozag.
             Killed from afar by a starcursed mass (10 damage)
             ... with an accursed screaming
             ... on level 1 of the Abyss.
             The game lasted 00:30:04 (9142 turns).

purpskrrrp the Cleaver (Troll Fighter)              Turns: 9142, Time: 00:30:07

Health: -1/111     AC:  8    Str: 36    XL:     11   Next: 61%
Magic:  10/10      EV: 11    Int:  4    God:    Gozag
Gold:   472        SH:  0    Dex:  9    Spells: 8/10 levels left

rFire   + . .      SeeInvis +    r - +8 frozen axe "Frostbite" {freezing cloud, *Noise Fly rC+}
rCold   + + .      Faith    .    (shield currently unavailable)
rNeg    . . .      Spirit   .    D - +1 robe {rC+ rF+}
rPois   .          Reflect  .    F - +0 hat {SInv}
rElec   .          Harm     .    k - +2 cloak {rCorr}
rCorr   +          Rampage  .    (gloves unavailable)
Will    .....                    (boots unavailable)
Stlth   +.........               d - amulet of regeneration
HPRegen 1.98/turn                I - ring "Asuekhli" {Wiz Str+6}
MPRegen 0.12/turn                J - +4 ring of slaying

@: gold aura, flying
A: large, unfitting armour, claws 3, regeneration 1, shaggy fur 1, tough skin 1
a: Renounce Religion, Potion Petition, Call Merchant, Bribe Branch


You were on level 1 of the Abyss.
You worshipped Gozag.
Gozag was aware of your devotion.
You visited 2 branches of the dungeon, and saw 12 of its levels.
You visited the Abyss 1 time.
You also visited: Sewer and Bailey.

You collected 1825 gold pieces.
You spent 1302 gold pieces at shops.
You paid 51 gold pieces to Gozag.

Inventory:

Hand Weapons
 r - the +8 frozen axe "Frostbite" (weapon) {freezing cloud, *Noise Fly rC+}
   (You found it in a sewer)

   It freezes those it strikes, dealing additional cold damage.
   It can also slow down cold-blooded creatures.
   It occasionally leaves clouds of freezing vapour upon striking a foe.
   It grants immunity to clouds of freezing vapour.
   rC:        It protects you from cold.
   Fly:       It grants you flight.
   *Noise:    It may make noises in combat.
Armour
 a - a +1 robe
 b - a +1 kite shield
 k - a +2 cloak of preservation (worn)
 D - a +1 robe of resistance (worn)
 F - a +0 hat of see invisible (worn)
Jewellery
 d - an amulet of regeneration (around neck)
 t - a ring of wizardry
 v - a ring of see invisible
 x - an amulet of guardian spirit
 H - a ring of ice
 I - the ring "Asuekhli" (left claw) {Wiz Str+6}
   (You found it on level 9 of the Dungeon)

   [ring of wizardry]

   It improves your spell success rate.
   Str:       It affects your strength (+6).
 J - a +4 ring of slaying (right claw)
Wands
 l - a wand of mindburst (6)
 u - a wand of paralysis (17)
 w - a wand of light (9)
 E - a wand of flame (26)
Scrolls
 m - 4 scrolls of enchant weapon
 n - 3 scrolls of teleportation
 o - a scroll of brand weapon {unknown}
 y - a scroll of magic mapping
 z - 7 scrolls of identify
 A - a scroll of silence {unknown}
 B - a scroll of vulnerability {unknown}
 G - a scroll of butterflies
Potions
 c - 3 potions of might
 e - 2 potions of invisibility
 f - 6 potions of curing
 g - a potion of ambrosia
 h - 3 potions of attraction
 j - 2 potions of degeneration
 p - 6 potions of magic {unknown}
 q - 2 potions of cancellation {unknown}
 C - a potion of brilliance {unknown}
 K - a potion of lignification {unknown}
 L - a potion of flight {unknown}


   Skills:
 + Level 7.9 Fighting
 * Level 9.9 Axes
 - Level 2.4 Armour
 + Level 8.0 Dodging
 - Level 5.0 Shields
 - Level 4.8 Unarmed Combat


You had 8 spell levels left.
You knew the following spells:

 Your Spells              Type           Power      Damage    Failure   Level
a - Wereblood             Tmut           0%         N/A       32%         2

Your spell library contained the following spells:

 Spells                   Type           Power      Damage    Failure   Level
 Beastly Appendage        Tmut           0%         N/A       22%         1
 Slow                     Hex            0%         N/A       22%         1
 Blink                    Tloc           0%         N/A       32%         2
 Momentum Strike          Conj/Tloc      0%         3d8       32%         2
 Sublimation of Blood     Necr           0%         N/A       32%         2
 Confusing Touch          Hex            0%         N/A       52%         3
 Ignite Poison            Fire/Tmut/Pois 0%         N/A       52%         3
 Lesser Beckoning         Tloc           0%         N/A       52%         3
 Spider Form              Tmut/Pois      0%         N/A       52%         3
 Vampiric Draining        Necr           0%         2d6       52%         3
 Petrify                  Tmut/Erth      0%         N/A       89%         4
 Sticky Flame             Conj/Fire      0%         2d3       89%         4
 Irradiate                Conj/Tmut      0%         3d11      99%         5
 Ignition                 Fire           0%         3d3       100%        8


Dungeon Overview and Level Annotations

Branches:
Dungeon (11/15)            Temple (1/1) D:4           Sewer (visited)
 Bailey (visited)
   Lair: D:8-11         Orc: D:9-12

Altars:
Ashenzari
Cheibriados
Dithmenos
Elyvilon
Fedhas
Gozag
Hepliaklqana
Kikubaaqudgha
Makhleb
Nemelex Xobeh
Okawaru
Qazlal
Ru
Sif Muna
Trog
Uskayaw
Vehumet
Wu Jian
Xom
Yredelemnul
Zin
The Shining One

Shops:
D:1 :   D:5 ?   D:9 =   D:11 *

Annotations:
D:11 Harold, Sonja


Innate Abilities, Weirdness & Mutations

You are too large for most types of armour.
You have claws for hands.
Your natural rate of healing is unusually fast.
You are covered in fur. (AC +1)
You have tough skin. (AC +1)


Message History

You are too injured to fight recklessly!
You are too injured to fight recklessly!
You are too injured to fight recklessly!
You are too injured to fight recklessly!
You are too injured to fight recklessly!
Unknown command.
You are confused.
You feel invigorated. The thrashing horror barely misses you.
The thrashing horror tramples you but does no damage.
The thrashing horror tramples you!
You hold your ground!
The thrashing horror tramples you.
You hold your ground!
A chorus of shrieks assaults your mind.
You are too injured to fight recklessly!
You hit the thrashing horror but do no damage.
You hear the gusting winds of a blizzard.
The thrashing horror is almost destroyed.
You feel less invigorated.
You feel less confused.
You hear a croak.
You hear a bellow!
You hear a bark!
You hear a roar!
You hear a bellow!
The thrashing horror is engulfed in freezing vapours.
The thrashing horror tramples you!
You hold your ground!
The thrashing horror tramples you.
You hold your ground!
The thrashing horror is engulfed in freezing vapours.
The thrashing horror tramples you!!
* * * LOW HITPOINT WARNING * * *
You hold your ground!
The thrashing horror barely misses you.
The thrashing horror is engulfed in freezing vapours.
The thrashing horror tramples you.
* * * LOW HITPOINT WARNING * * *
You hold your ground!
The thrashing horror tramples you!
* * * LOW HITPOINT WARNING * * *
You hold your ground!
You slash the thrashing horror!
You destroy the thrashing horror!
You hit the starcursed mass but do no damage.
A starcursed mass splits.
A deafening chorus of shrieks assaults your mind!
You die...
Your body crumbles into a pile of gold.

### §≈G§
####.#
##X##.##$#
+○XXXX..~#
###@##~##
# ####.#
.≈. ∆ ∆
#.## #.# ∆
. #.# ∆


You could see 5 starcursed masses.

Vanquished Creatures
  Gastronok (D:8)
  A centaur warrior (D:8)
  A thrashing horror (Abyss:1)
  Pikel (D:7)
  An ugly thing (D:11)
  A cyclops (D:8)
  Maurice (D:8)
  Maggie (D:7)
  A gargoyle (Bailey)
  Psyche (D:7)
  3 kobold demonologists (D:10)
  A troll (D:10)
  2 hornets
  A slime creature (D:8)
  Sigmund (D:5)
  A wraith (D:11)
  A vampire (Bailey)
  A flying skull (Abyss:1)
  A wyvern (D:8)
  3 yaks (D:10)
  Eustachio (D:5)
  A basilisk (D:11)
  2 steam dragons
  A vampire mosquito (D:8)
  Menkaure (D:7)
  An acid dragon (D:10)
  A water moccasin (D:8)
  5 orc warriors
  2 black bears
  An ice beast (D:6)
  An ogre (D:5)
  A lemure (D:7)
  A centaur (D:9)
  A phantom (D:5)
  A kobold brigand (D:8)
  5 bullfrogs
  A gnoll sergeant (D:9)
  5 necrophages
  2 scorpions
  2 water moccasin zombies (D:5)
  15 wights
  6 killer bees (D:7)
  8 vampire bats (Bailey)
  7 wolf zombies (Bailey)
  2 hounds
  A human zombie (D:5)
  3 jellies
  2 orc priests (D:11)
  5 iguanas
  7 orc wizards
  3 hound zombies (D:5)
  A howler monkey zombie (D:5)
  A mummy (D:5)
  14 gnolls
  9 adders
  An adder zombie (D:5)
  A worm (D:4)
  4 dart slugs
  34 orcs
  9 ball pythons
  6 bats
  6 endoplasms
  11 giant cockroaches
  8 goblins
  4 hobgoblins
  5 jackals
  8 kobolds
  7 quokkas
  10 frilled lizards
  20 orc zombies (Bailey)
  2 rats (D:1)
281 creatures vanquished.

Vanquished Creatures (others)
  2 kobolds (D:8)
  2 plants (D:7)
4 creatures vanquished.

Grand Total: 285 creatures vanquished

Notes
Turn   | Place    | Note
-------+----------+-------------------------------------------
     0 | D:1      | purpskrrrp the Troll Fighter began the quest for the Orb.
     0 | D:1      | Reached XP level 1. HP: 22/22 MP: 0/0
   126 | D:1      | Reached XP level 2. HP: 29/29 MP: 1/1
   177 | D:1      | Found Hucwoc's Vocational Training.
   647 | D:2      | Reached XP level 3. HP: 36/36 MP: 2/2
  1485 | D:3      | Found a snail-covered altar of Cheibriados.
  1525 | D:3      | Reached XP level 4. HP: 41/44 MP: 3/3
  2133 | D:4      | Reached XP level 5. HP: 53/53 MP: 4/4
  2296 | D:4      | Found a shadowy altar of Dithmenos.
  2369 | D:4      | Reached XP level 6. HP: 61/61 MP: 5/5
  2436 | D:4      | Found a glowing drain.
  2447 | Sewer    | Entered a sewer
  2623 | Sewer    | Found the +8 frozen axe "Frostbite" {freezing cloud, *Noise
                  | Fly rC+}
  2672 | Sewer    | Identified the +7 whip "Thing" {venom, rF+ Int+4}
  2909 | D:4      | Found a staircase to the Ecumenical Temple.
  3140 | Temple   | Entered the Ecumenical Temple
  3310 | Temple   | Became a worshipper of Gozag Ym Sagoz the Greedy
  3364 | D:5      | Entered Level 5 of the Dungeon
  3368 | D:5      | Reached XP level 7. HP: 67/67 MP: 6/6
  3393 | D:5      | Noticed Sigmund
  3401 | D:5      | Killed Sigmund
  3402 | D:5      | Reached skill level 1 in Axes
  3453 | D:5      | Noticed Eustachio
  3456 | D:5      | Killed Eustachio
  3457 | D:5      | Reached skill level 1 in Armour
  3481 | D:5      | Reached skill level 2 in Axes
  3654 | D:5      | Found Somezog's Magic Scroll Emporium.
  3672 | D:5      | Reached XP level 8. HP: 28/78 MP: 7/7
  3705 | D:5      | Bought a scroll of enchant armour for 105 gold pieces
  3705 | D:5      | Bought a scroll of enchant armour for 105 gold pieces
  3821 | D:5      | Reached skill level 3 in Axes
  3880 | D:5      | Found an ancient bone altar of Kikubaaqudgha.
  3891 | D:5      | Reached skill level 5 in Shields
  4399 | D:6      | Reached skill level 4 in Axes
  4518 | D:6      | Reached XP level 9. HP: 87/87 MP: 8/8
  4540 | D:6      | Reached skill level 5 in Dodging
  4634 | D:6      | Found a shimmering blue altar of Sif Muna.
  4636 | D:6      | Found a glowing silver altar of Zin.
  4636 | D:6      | Found a burning altar of Makhleb.
  4637 | D:6      | Found a bloodstained altar of Trog.
  4645 | D:6      | Reached skill level 5 in Fighting
  4781 | D:7      | Paralysed by a hornet for 1 turns
  4828 | D:7      | Reached skill level 5 in Axes
  4931 | D:7      | Found a broken altar of Ashenzari.
  4932 | D:7      | Found a hazy altar of Hepliaklqana.
  5078 | D:7      | Noticed Pikel
  5081 | D:7      | Killed Pikel
  5082 | D:7      | Reached skill level 6 in Axes
  5084 | D:7      | Noticed Maggie
  5089 | D:7      | Killed Maggie
  5096 | D:7      | Noticed Menkaure
  5101 | D:7      | Killed Menkaure
  5566 | D:8      | Reached XP level 10. HP: 73/98 MP: 9/9
  5649 | D:8      | Noticed a centaur warrior
  5650 | D:8      | Noticed a cyclops
  5732 | D:8      | Found a flagged portal.
  5752 | Bailey   | Entered a bailey
  5765 | Bailey   | Reached skill level 7 in Axes
  5987 | Bailey   | Noticed a gargoyle
  5993 | Bailey   | Killed a gargoyle
  6191 | Bailey   | Identified the +0 leather armour of Ytann {rN+}
  6314 | D:8      | Noticed Psyche
  6390 | D:8      | Noticed Maurice
  6393 | D:7      | Killed Psyche
  6413 | D:8      | Killed Maurice
  6414 | D:8      | Reached skill level 8 in Axes
  6429 | D:8      | Noticed Gastronok
  6442 | D:8      | Killed Gastronok
  6451 | D:8      | Identified the +5 spear of Iblull {antimagic, rElec}
  6802 | D:8      | Killed a centaur warrior
  6803 | D:8      | Reached XP level 11. HP: 79/109 MP: 10/10
  6820 | D:8      | Identified the +2 scale mail of Omant {rElec rF+ Will+}
  6850 | D:8      | Reached skill level 9 in Axes
  7144 | D:9      | Identified the ring "Asuekhli" {Wiz Str+6}
  7295 | D:9      | Found Peozxucs's Jewellery Shoppe.
  7333 | D:9      | Learned a level 2 spell: Wereblood
  7829 | D:9      | Bought a +4 ring of slaying for 1092 gold pieces
  7920 | D:10     | Entered Level 10 of the Dungeon
  8425 | D:10     | Found a shimmering altar of Xom.
  8427 | D:10     | Found a shimmering altar of Xom.
  8427 | D:10     | Found a shimmering altar of Xom.
  8428 | D:10     | Found a shimmering altar of Xom.
  8429 | D:10     | Found a shimmering altar of Xom.
  8429 | D:10     | Found a shimmering altar of Xom.
  8431 | D:10     | Found a shimmering altar of Xom.
  8949 | D:11     | Found Buyj's Overcharged Wands.
  8993 | D:11     | Noticed a cyan ugly thing
  9001 | D:11     | Killed a cyan ugly thing
  9114 | D:11     | Noticed Sonja
  9119 | D:11     | Noticed Harold
  9120 | Abyss:1  | Cast into level 1 of the Abyss (Sonja)
  9123 | Abyss:1  | Noticed a thrashing horror
  9124 | Abyss:1  | Noticed a starcursed mass
  9125 | Abyss:1  | Noticed a glowing orange brain
  9142 | Abyss:1  | Killed a thrashing horror
  9142 | Abyss:1  | Killed from afar by a starcursed mass

Illustrated notes

Levels and vault maps discovered:
D:1:      giann_wishing_wells, layout_loops_ring, nicolae_shop_vocational
D:2:      layout_basic
D:3:      layout_loops_ring, kennysheep_slug_shrine, minivault_19
D:4:      layout_rooms, mainiacjoe_overflow_tiny_flanked,
          minmay_temple_entry_overgrown, cheibrodos_sewer_entry_bend,
          grunt_decor_junction, serial_bayou_crossing
D:5:      layout_basic, lemuel_mausoleum_altar_kikubaaqudgha, serial_shops,
          shop, uniq_sigmund, uniq_eustachio
D:6:      layout_rooms, chequers_temple_overflow_statue_of_worship
D:7:      layout_loops_ring, mainiacjoe_overflow_catch_the_wave,
          serial_bayou_ford_a, minmay_misc_feat_four_crosses, uniq_maggie,
          uniq_pikel, uniq_menkaure
D:8:      cheibrodos_elevator_heist, layout_rooms, enter_bailey_4, uniq_psyche,
          uniq_maurice, uniq_gastronok
D:9:      layout_grid_maze, serial_shops, nicolae_shop_trees
D:10:     layout_basic, nicolae_xom_altar_mimics
D:11:     layout_stronghold, david_lair_shrubbed,
          nicolae_shop_overcharged_wands, uniq_amaemon, uniq_nergalle,
          uniq_sonja, uniq_harold
Temple:   hellmonk_temple_forest_ring
Abyss:1:  base: D:6, hangedman_cross_veins

Skill      XL: |  1  2  3  4  5  6  7  8  9 10 11 |
---------------+----------------------------------+-----
Shields        | 3 4 5 |  5.0
Unarmed Combat | 3 4 |  4.8
Fighting       | 3 4 6 7 |  7.9
Dodging        | 3 4 6 7 8 |  8.0
Axes           | 2 4 6 8 9 |  9.9
Armour         | 1 2 |  2.4

Action                   |  1- 3 |  4- 6 |  7- 9 | 10-12 || total
-------------------------+-------+-------+-------+-------++-------
Melee: Unarmed           |    95 |   152 |       |       ||   247
       Executioner's axe |       |     9 |   154 |   260 ||   423
  Use: Scroll            |    10 |       |     7 |     4 ||    21
       Potion            |       |       |     3 |     8 ||    11
Armor: Robe              |    27 |    56 |    52 |   172 ||   307
Dodge: Dodged            |    27 |    72 |   106 |   264 ||   469
Block: Kite shield       |    25 |    67 |       |       ||    92

Table legend: (Time is in decaauts)
 A = Elapsed time spent in this place.
 B = Non-inter-level travel time spent in this place.
 C = Inter-level travel time spent in this place.
 D = Time resting spent in this place.
 E = Time spent auto-exploring this place.
 F = Levels seen in this place.
 G = Mean time per level.
                   A        B        C        D        E       F      G
               +--------+--------+--------+--------+--------+-----+--------+
         Total |   9464 |   8722 |    742 |    396 |   5678 |  15 |  630.9 |
       Dungeon |   8303 |   7592 |    711 |    394 |   5307 |  11 |  754.8 |
        Temple |    179 |    148 |     31 |      0 |    136 |   1 |  179.0 |
         Abyss |     25 |     25 |      0 |      2 |      0 |   1 |   25.0 |
         Sewer |    413 |    413 |      0 |      0 |    153 |   1 |  413.0 |
        Bailey |    542 |    542 |      0 |      0 |     82 |   1 |  542.0 |
               +--------+--------+--------+--------+--------+-----+--------+

Top non-repeatable levels by time:
     D:5: 1066 daAuts
     D:9: 1056 daAuts
     D:7: 1055 daAuts
    D:10: 785 daAuts
     D:2: 752 daAuts
     D:3: 751 daAuts
     D:4: 720 daAuts
     D:8: 628 daAuts
     D:1: 615 daAuts
  Bailey: 542 daAuts
    D:11: 456 daAuts
   Sewer: 413 daAuts
     D:6: 413 daAuts
  Temple: 179 daAuts
 Abyss:1: 25 daAuts
